 Dungeon Crawl Stone Soup version 0.31-a0-771-g505c3d19dc (webtiles) character file.

Game seed: 13501492691989947373

163623 AiryTheDragon the Thaumaturge (level 17, -1/113 HPs)
             Began as a Demonspawn Hedge Wizard on Sept 13, 2023.
             Was an Elder of Hepliaklqana.
             Hit by a silver javelin thrown by a merfolk javelineer (13 damage)
             ... on level 4 of the Shoals on Sept 17, 2023.
             The game lasted 11:49:39 (32571 turns).

AiryTheDragon the Thaumaturge (DsHW)               Turns: 32571, Time: 11:49:43

Health: -1/113     AC: 21    Str: 15      XL:     17   Next: 24%
Magic:  2/32       EV: 19    Int: 20      God:    Hepliaklqana [****..]
Gold:   2066       SH:  0    Dex: 13 (14) Spells: 3/38 levels left

rFire   . . .        k - +8 quarterstaff "Arcanum" {flame, rCorr Str-3 Int+3}
rCold   . . .        (shield currently unavailable)
rNeg    + . .        h - +5 ring mail {rN+}
rPois   .            z - +1 helmet
rElec   .            E - +0 cloak
rCorr   +            F - +1 pair of gloves {hurl}
SInv    .            (boots unavailable)
Will    +....        X - amulet of magic regeneration
Stlth   ++           a - +5 ring of evasion
HPRegen 0.38/turn    x - ring of flight
MPRegen 0.63/turn

%: no passive effects
@: spiked, flying
A: reduced essence, hooves 3, demonic guardian 1, icemail 2, sharp scales 3,
condensation shield, deterioration 1, strong 1
a: Renounce Religion, Recall Ancestor, Ancestor Identity, Transference, Idealise


You were on level 4 of the Shoals.
You worshipped Hepliaklqana.
Hepliaklqana was greatly pleased with you.
You visited 6 branches of the dungeon, and saw 27 of its levels.

You collected 2670 gold pieces.
You spent 604 gold pieces at shops.

Inventory:

Hand Weapons
 k - the +8 quarterstaff "Arcanum" (weapon) {flame, rCorr Str-3 Int+3}
   (You found it on level 3 of the Dungeon)

   Str-3:     It affects your strength (-3).
   Int+3:     It affects your intelligence (+3).
   rCorr:     It protects you from acid and corrosion.
 K - a +2 spectral trident
 P - a +2 battleaxe of flaming
 Q - a +5 halberd of freezing
Missiles
 i - 10 poisoned darts
 M - 4 throwing nets
 N - 6 silver javelins
 O - 7 curare-tipped darts
 W - 7 javelins (quivered)
Armour
 h - a +5 ring mail of positive energy (worn)
 t - a +2 chain mail of cold resistance
 z - a +1 helmet (worn)
 E - a +0 cloak (worn)
 F - a +1 pair of gloves of hurling (worn)
 T - a +0 kite shield of reflection
 U - +2 storm dragon scales {Bai Suzhen}
Jewellery
 a - a +5 ring of evasion (left hand)
 e - a ring of protection from cold
 x - a ring of flight (right hand)
 y - a ring of fire
 G - a ring of poison resistance
 H - a +4 ring of protection
 R - a +6 ring of strength
 X - an amulet of magic regeneration (around neck)
Talismans
 Y - a dragon-blood talisman
Wands
 g - a wand of roots (1)
 D - a wand of flame (16)
 I - a wand of charming (16)
 S - a wand of digging (1)
Scrolls
 f - a scroll of butterflies
 o - 3 scrolls of revelation
 p - 2 scrolls of fear
 r - 5 scrolls of fog
 u - 2 scrolls of immolation
 B - 4 scrolls of teleportation
 Z - a scroll of poison
Potions
 c - a potion of berserk rage
 d - 4 potions of magic
 j - a potion of heal wounds
 l - 9 potions of curing
 m - a potion of cancellation
 q - 11 potions of ambrosia
 s - 2 potions of haste
 w - 3 potions of brilliance
 A - 5 potions of enlightenment
 C - a potion of might
 V - 3 potions of lignification


   Skills:
 * Level 9.4 Fighting
 + Level 0.1 Short Blades
 + Level 0.1(2.1) Axes
 + Level 0.1(4.8) Maces & Flails
 + Level 3.5(6.1) Polearms
 + Level 7.8(8.2) Staves
 + Level 4.6 Throwing
 * Level 9.1 Armour
 * Level 8.8 Dodging
 + Level 5.7 Stealth
 * Level 7.5 Shields
 + Level 11.0 Spellcasting
 + Level 6.6 Conjurations
 + Level 4.7 Hexes
 + Level 6.6 Summonings
 + Level 3.8 Translocations
 + Level 5.2 Transmutations
 * Level 5.9 Fire Magic
 + Level 5.6 Ice Magic
 + Level 5.7 Air Magic
 + Level 6.1 Poison Magic
 + Level 7.5 Invocations
 + Level 5.3 Evocations
 * Level 6.3 Shapeshifting


You had 3 spell levels left.
You knew the following spells:

 Your Spells              Type           Power      Damage    Failure   Level
a - Magic Dart            Conj           100%       1d8       1%          1
b - Call Imp              Summ           74%        N/A       1%          2
c - Blink                 Tloc           52%        N/A       3%          2
d - Mephitic Cloud        Conj/Pois/Air  35%        N/A       2%          3
e - Ozocubu's Armour      Ice            33%        N/A       3%          3
f - Freezing Cloud        Conj/Ice/Air   17%        6-21      26%         5
g - Foxfire               Conj/Fire      100%       2x1d9     1%          1
h - Poisonous Vapours     Pois/Air       68%        N/A       1%          2
i - Irradiate             Conj/Tmut      17%        3d17      26%         5
j - Flame Wave            Conj/Fire      36%        2d10      9%          4
k - Slow                  Hex            100%       N/A       1%          1
l - Scorch                Fire           68%        2d7       1%          2
m - Olgreb's Toxic Radia  Pois           35%        N/A       9%          4

Your spell library contained the following spells:

 Spells                   Type           Power      Damage    Failure   Level
 Cigotuvi's Dreadful Rot  Necr/Pois/Air  52%        N/A       3%          2
 Inner Flame              Hex/Fire       32%        N/A       3%          3
 Gell's Gravitas          Tloc           26%        N/A       7%          3
 Teleport Other           Tloc           26%        N/A       7%          3
 Sublimation of Blood     Necr           11%        N/A       16%         2
 Sticky Flame             Conj/Fire      36%        2d6       9%          4
 Petrify                  Tmut/Erth      21%        N/A       36%         4
 Animate Dead             Necr           11%        N/A       71%         4
 Summon Cactus Giant      Summ           18%        N/A       73%         6
 Starburst                Conj/Fire      18%        6d7       77%         6
 Plasma Beam              Fire/Air       17%        2x1d28    83%         6
 Dispersal                Tloc           13%        N/A       98%         6
 Haunt                    Necr/Summ      12%        N/A       100%        7
 Ozocubu's Refrigeration  Ice            16%        4d11      100%        7
 Discord                  Hex            15%        N/A       100%        8
 Ignition                 Fire           17%        3d7       100%        8
 Infestation              Necr           5%         N/A       100%        8


Dungeon Overview and Level Annotations

Branches:
Dungeon (13/15)            Temple (1/1) D:5            Lair (5/5) D:8
 Shoals (4/4) Lair:2       Spider (2/4) Lair:2        Slime (0/5) Lair:5
    Orc (2/2) D:10            Elf (0/3) Orc:2
 Vaults: D:13-14

Altars:
Ashenzari
Cheibriados
Dithmenos
Fedhas
Gozag
Hepliaklqana
Kikubaaqudgha
Makhleb
Nemelex Xobeh
Okawaru
Qazlal
Ru
Sif Muna
Trog
Uskayaw
Vehumet
Wu Jian
Xom
Yredelemnul
Jiyva

Shops:
D:3 *   Orc:2 !=([   Shoals:1 *

Annotations:
Temple 2 transporters
Shoals:1 Roxanne


Innate Abilities, Weirdness & Mutations

Your life essence is reduced to manifest your ancestor. (-10% HP)
You have hooves in place of feet.
A weak demonic guardian rushes to your aid.
A meltable icy envelope protects you from harm. (AC +0)
You are completely covered in razor-sharp scales. (AC +3, Slay +3)
A meltable shield of frost defends you. (SH +0)
Your body sometimes deteriorates upon taking damage.
Your muscles are strong. (Str +4, Int/Dex -1)


Message History

Confirm with . or Enter, or press ? or * to list all spells.
Aiming: Mephitic Cloud (mildly dangerous; 2% risk of failure)
Press: ? - help, Shift-Dir - straight line, f - snapping turtle
Aim: a snapping turtle (lightly wounded, ally target, chance to affect: 53%)
The ball explodes into a vile cloud!
The stinking cloud engulfs the snapping turtle but does no damage.
The snapping turtle is lightly wounded.
Your demonic guardian avoids your attack.
You hear a shout!
A merfolk comes into view. It is wielding a +0 trident.
The snapping turtle is engulfed in noxious fumes.
The snapping turtle appears confused.
The merfolk javelineer throws a silver javelin.
The silver javelin pierces through you!
* * * LOW HITPOINT WARNING * * *
The silver sears you!
* * * LOW HITPOINT WARNING * * *
Your orange demon stings the snapping turtle from afar!
You hear a shout!
Okay, then.
Okay, then.
Hit: k) +8 quarterstaff "Arcanum" {flame, rCorr Str-3 Int+3}
Press: ? - help, Dir - move target, f - you, p - snapping turtle
Okay, then.
Casting: Mephitic Cloud (mildly dangerous; 2% risk of failure)
Confirm with . or Enter, or press ? or * to list all spells.
Aiming: Mephitic Cloud (mildly dangerous; 2% risk of failure)
Press: ? - help, Shift-Dir - straight line, p - snapping turtle The ball explodes into a vile cloud!
The stinking cloud engulfs the manticore but does no damage.
You hear a shout!
The merfolk throws a boomerang.
The boomerang hits you but does no damage.
The manticore flicks its tail.
The volley of spikes hits you!
The barbed spikes become lodged in your body.
* * * LOW HITPOINT WARNING * * *
The merfolk javelineer throws a silver javelin.
The silver javelin pierces through you!
You die...

.........~~~≈≈≈≈
......<..~~~~≈≈≈≈≈≈
........<~~~~≈≈≈≈≈≈≈
#######..~~~~≈≈≈≈≈≈≈
.##### #..~~~≈≈≈≈≈≈≈≈
......##.~~~~≈≈≈≈≈≈≈≈
...~~~..~≈~.~≈≈≈≈≈≈≈≈
.~~~~~..~≈~~~≈≈≈≈≈≈≈≈
.......~~~~~@~~≈≈≈≈≈≈
~....H(.~~≈○○4~≈≈≈≈≈≈
..m#H...$~≈○○§~≈≈≈≈≈≈
.......§.☼≈§t~~≈≈≈≈≈≈
~..(.R..m☼○☼~~~~≈≈≈≈≈≈≈
~~.......§H§~~~~≈≈≈≈≈≈≈
..~~...~mm~t~~~~~≈≈≈≈≈≈≈
.)~~~~.~m~~~~~~~~≈≈≈≈≈≈≈
.m~~~~ ~)~~~~~~~≈≈≈≈≈≈≈


You could see a merfolk javelineer, 2 snapping turtles, 3 merfolk, 2 manticores
and a friendly orange demon (summoned).

Vanquished Creatures
  Bai Suzhen (Shoals:3)
  Nikola (Shoals:3)
  Donald (Shoals:3)
  2 emperor scorpions (Spider:1)
  A ghost moth (Spider:1)
  A broodmother (Spider:1)
  A formless jellyfish (Shoals:4)
  The ghost of DocEon the Grappler, a journeyman DrSh of Elyvilon (Lair:2)
  The ghost of ooooo the Jinx, a journeyman OpCj of Gozag (Lair:4)
  3 merfolk impalers
  2 entropy weavers (Lair:2)
  3 hydras
  A radroach (Spider:1)
  A catoblepas (Lair:5)
  2 ogre magi (Orc:2)
  A boulder beetle (D:11)
  2 centaur warriors
  11 two-headed ogres
  A merfolk aquamancer (Shoals:2)
  A death scarab (Spider:1)
  4 demonic crawlers (Spider:1)
  8 death yaks
  Amaemon (Lair:1)
  Urug (D:10)
  Sonja (D:12)
  2 pharaoh ants
  3 orb spiders
  5 sea snakes
  A lindwurm (Lair:5)
  15 harpies
  Pikel (D:7)
  A steelbarb worm (Spider:2)
  An orc knight (Orc:2)
  3 wolf spiders
  4 cyclopes
  4 fauns
  8 manticores
  An ice statue (D:8)
  6 elephants
  3 merfolk sirens
  A rust devil (D:12)
  3 black mambas
  2 water nymphs
  Joseph (D:10)
  3 torpor snails (Lair:5)
  An orange demon (D:12)
  A cane toad (Lair:1)
  Jeremiah (D:6)
  10 komodo dragons
  4 rime drakes
  2 red devils (D:12)
  8 polar bears
  8 trolls
  2 meliai (Lair:2)
  A tyrant leech (Lair:5)
  6 hornets
  8 tarantellas
  10 merfolk
  A queen bee (Lair:2)
  4 dream sheep (Shoals:2)
  A wind drake (Shoals:3)
  2 snapping turtles
  8 blink frogs
  3 raiju (Lair:5)
  12 culicivoras
  3 wyverns
  16 jumping spiders
  A shadow (D:10)
  31 yaks
  8 water elementals
  2 basilisks (Lair:2)
  A ynoxinul (D:12)
  A wraith (D:11)
  11 redbacks
  A warg (Lair:5)
  8 vampire mosquitoes
  2 acid dragons
  12 water moccasins
  10 hell hounds (Lair:5)
  10 orc warriors
  10 black bears
  A sky beast (D:7)
  26 ogres
  4 centaurs
  11 wolves
  A phantom (D:6)
  6 kobold brigands
  13 bullfrogs
  3 gnoll sergeants (D:10)
  A scorpion (D:5)
  4 wights (D:8)
  9 killer bees
  A howler monkey (D:6)
  2 electric eels (D:10)
  4 battlemagi
  6 orc priests
  2 hounds
  Jessica (D:2)
  An iguana (D:6)
  9 orc wizards
  3 adders
  10 gnolls
  A white imp (D:6)
  2 ufetubi
  A dart slug (D:5)
  39 orcs
  6 endoplasms
  2 giant cockroaches (D:1)
  4 goblins
  3 hobgoblins (D:2)
  4 jackals (D:2)
  3 quokkas
  6 ball pythons
  5 bats
  A frilled lizard (D:3)
  4 kobolds
  A rat (D:2)
541 creatures vanquished.

Vanquished Creatures (collateral kills)
  An emperor scorpion (Spider:1)
  Louise (Shoals:1)
  An orc warlord (Orc:1)
  A spark wasp (Spider:1)
  3 merfolk impalers
  A hydra (D:13)
  An ice dragon (Lair:5)
  2 merfolk avatars (Shoals:2)
  2 ogre magi (Orc:2)
  A boulder beetle (Lair:5)
  4 two-headed ogres
  A satyr (Shoals:3)
  3 death yaks
  A centaur warrior (D:13)
  A demonic crawler (Spider:1)
  An orc high priest (Orc:1)
  A fire crab (Lair:5)
  A skyshark (Shoals:2)
  2 sun moths (Spider:1)
  A sea snake (Shoals:1)
  A glowing orange brain (D:13)
  An orb spider (Spider:2)
  2 steelbarb worms (Spider:1)
  8 harpies
  3 wolf spiders
  3 manticores
  2 fauns (Shoals:2)
  A deep elf pyromancer (D:11)
  An ugly thing (D:10)
  3 cyclopes
  2 merfolk sirens
  4 elephants
  2 black mambas (Lair:2)
  2 water nymphs
  An orange demon (Lair:1)
  3 torpor snails
  5 cane toads
  Maggie (D:6)
  A rime drake (Lair:2)
  3 komodo dragons
  An ice devil (D:12)
  A red devil (D:12)
  2 hellwings (D:12)
  A troll (Orc:2)
  A meliai (Spider:1)
  8 merfolk
  A wind drake (Shoals:2)
  4 hornets
  4 polar bears
  2 tyrant leeches (Lair:5)
  6 tarantellas
  5 snapping turtles
  4 blink frogs
  10 dream sheep
  3 culicivoras
  2 wraiths
  Sigmund (D:4)
  16 jumping spiders
  10 yaks
  A water elemental (Shoals:2)
  2 wyverns
  A chaos spawn (D:12)
  A steam dragon (D:6)
  13 redbacks
  A vampire mosquito (D:11)
  4 wargs
  An acid dragon (D:10)
  4 hell hounds (Lair:5)
  5 water moccasins
  An ice beast (D:6)
  A sky beast (D:6)
  9 orc warriors
  3 black bears
  8 ogres
  12 wolves
  3 centaurs
  4 lemures (D:7)
  A kobold brigand (D:9)
  2 bullfrogs
  A gnoll sergeant (D:8)
  3 scorpions
  A wight (D:8)
  12 killer bees
  A howler monkey (D:12)
  An electric eel (D:10)
  2 quasits (D:12)
  3 orc priests
  A sleepcap (D:6)
  2 iguanas
  10 orc wizards
  A hell rat (D:8)
  6 gnolls
  3 adders
  A worm (D:3)
  24 orcs
  3 endoplasms
  A hobgoblin (D:4)
  A quokka (D:3)
  A frilled lizard (D:2)
  5 kobolds (D:8)
  2 rats
323 creatures vanquished.

Vanquished Creatures (others)
  A faun (Shoals:1)
  A snapping turtle (Shoals:3)
  2 redbacks
  32 battlemagi
  2 ancestors (D:2)
  174 foxfires
  A spectral weapon (Lair:2)
213 creatures vanquished.

Grand Total: 1077 creatures vanquished

Notes
Turn   | Place    | Note
-------+----------+-------------------------------------------
     0 | D:1      | AiryTheDragon the Demonspawn Hedge Wizard began the quest
                  | for the Orb.
     0 | D:1      | Reached XP level 1. HP: 13/13 MP: 4/4
   374 | D:1      | Found a faded altar of an unknown god.
   380 | D:1      | Prayed at the altar of an unknown god.
   380 | D:1      | Became a worshipper of Hepliaklqana the Forgotten
   380 | D:1      | Reached * piety under Hepliaklqana
   577 | D:2      | Gained mutation: You are partially covered in razor-sharp
                  | scales. (AC +1, Slay +1) [demonic ancestry]
   577 | D:2      | Reached XP level 2. HP: 17/17 MP: 4/6
   729 | D:2      | Learned a level 2 spell: Call Imp
   732 | D:2      | Learned a level 2 spell: Blink
   834 | D:2      | Noticed Jessica
   843 | D:2      | Killed Jessica
   844 | D:2      | Gained mutation: You have large cloven feet. [demonic
                  | ancestry]
   844 | D:2      | Reached XP level 3. HP: 21/21 MP: 6/8
   990 | D:2      | Reached skill level 1 in Invocations
  1090 | D:2      | Learned a level 3 spell: Mephitic Cloud
  1331 | D:3      | Noticed an ogre
  1407 | D:3      | Identified the +8 quarterstaff "Arcanum" {flame, rCorr
                  | Str-3 Int+3}
  1535 | D:3      | Gained mutation: You have hoof-like feet. [demonic
                  | ancestry]
  1535 | D:3      | Reached XP level 4. HP: 18/27 MP: 0/9
  1559 | D:3      | Reached skill level 1 in Poison Magic
  1806 | D:3      | Reached skill level 4 in Spellcasting
  1913 | D:3      | Reached ** piety under Hepliaklqana
  1914 | D:3      | Remembered your ancestor Cipactli as a battlemage
  1965 | D:3      | Found Kuhai's Assorted Antiques.
  2066 | D:3      | Found a shimmering blue altar of Sif Muna.
  2473 | D:3      | Killed an ogre
  2474 | D:3      | Reached skill level 1 in Armour
  2474 | D:3      | Gained mutation: You are mostly covered in razor-sharp
                  | scales. (AC +2, Slay +2) [demonic ancestry]
  2474 | D:3      | Reached XP level 5. HP: 32/32 MP: 11/11
  2562 | D:4      | Found an ornate altar of the Wu Jian Council.
  2598 | D:4      | Found a shadowy altar of Dithmenos.
  2598 | D:4      | Found the +7 Throatcutter {drain, coup de grace}
  2652 | D:4      | Learned a level 3 spell: Ozocubu's Armour
  2911 | D:4      | Reached skill level 1 in Fighting
  2924 | D:4      | Reached skill level 1 in Staves
  3060 | D:4      | Noticed Sigmund
  3072 | D:4      | Killed Sigmund
  3073 | D:4      | Reached skill level 1 in Throwing
  3073 | D:4      | Gained mutation: You have hooves in place of feet. [demonic
                  | ancestry]
  3073 | D:4      | Reached XP level 6. HP: 38/38 MP: 2/12
  3097 | D:4      | Reached skill level 1 in Air Magic
  3408 | D:4      | Found a shimmering altar of Xom.
  3465 | D:4      | Noticed a water elemental
  3467 | D:4      | Found a stormy altar of Qazlal.
  3468 | D:4      | Noticed a fire elemental
  3468 | D:4      | Noticed an air elemental
  3557 | D:5      | Entered Level 5 of the Dungeon
  3581 | D:5      | Gained mutation: You are completely covered in razor-sharp
                  | scales. (AC +3, Slay +3) [demonic ancestry]
  3581 | D:5      | Reached XP level 7. HP: 36/43 MP: 1/13
  3797 | D:5      | Reached *** piety under Hepliaklqana
  4010 | D:5      | Reached XP level 8. HP: 49/49 MP: 15/15
  4389 | D:5      | Found a staircase to the Ecumenical Temple.
  4406 | Temple   | Found a transporter.
  4406 | Temple   | Found a transporter.
  4406 | Temple   | Found a transporter.
  4406 | Temple   | Found a transporter.
  4406 | Temple   | Entered the Ecumenical Temple
  5001 | D:6      | Reached skill level 5 in Spellcasting
  5550 | D:6      | Noticed Maggie
  5552 | D:6      | Noticed Jeremiah
  5610 | D:6      | Killed Maggie
  5611 | D:6      | Reached skill level 5 in Invocations
  5611 | D:6      | Gained mutation: A meltable shield of frost defends you.
                  | (SH +0) [demonic ancestry]
  5611 | D:6      | Reached XP level 9. HP: 43/54 MP: 7/16
  5751 | D:6      | Killed Jeremiah
  6499 | D:7      | Reached skill level 1 in Ice Magic
  6722 | D:7      | Reached **** piety under Hepliaklqana
  6862 | D:7      | Noticed Pikel
  6878 | D:7      | Killed Pikel
  7447 | D:8      | Found a staircase to the Lair.
  7447 | D:8      | Noticed a death yak
  7447 | D:8      | Noticed a death yak
  7449 | D:8      | Noticed a death yak
  7452 | D:8      | Reached skill level 6 in Spellcasting
  7468 | D:8      | Gained mutation: A meltable icy envelope protects you from
                  | harm. (AC +0) [demonic ancestry]
  7468 | D:8      | Reached XP level 10. HP: 61/61 MP: 0/19
  7474 | D:8      | Killed a death yak
  7765 | D:8      | Reached skill level 5 in Armour
  7772 | D:8      | Killed a death yak
  7773 | D:8      | Reached skill level 1 in Translocations
  7773 | D:8      | Killed a death yak
  8128 | D:8      | Learned a level 5 spell: Freezing Cloud
  8410 | D:8      | Noticed an ice statue
  8827 | D:9      | Gained mutation: A weak demonic guardian rushes to your
                  | aid. [demonic ancestry]
  8827 | D:9      | Reached XP level 11. HP: 55/67 MP: 13/21
  8973 | D:9      | Upgraded the game from 0.31-a0-743-g45f7035092 to
                  | 0.31-a0-744-gbc345e7fcb
  9464 | D:9      | Reached ***** piety under Hepliaklqana
  9674 | D:10     | Entered Level 10 of the Dungeon
  9674 | D:10     | Noticed Urug
  9680 | D:10     | Killed Urug
  9884 | D:10     | Found a hide-covered altar of Uskayaw.
  9904 | D:10     | Noticed Joseph
  9916 | D:10     | Killed Joseph
  9917 | D:10     | Reached skill level 7 in Spellcasting
  9917 | D:10     | HP: 1/67 [spore (34)]
 10303 | D:10     | Found a staircase to the Orcish Mines.
 10325 | D:10     | Reached skill level 5 in Staves
 10344 | D:10     | Reached skill level 1 in Shapeshifting
 10583 | D:10     | Reached skill level 1 in Polearms
 10882 | D:10     | Noticed a brown ugly thing
 10894 | D:10     | Killed a brown ugly thing
 11395 | D:11     | Learned a level 1 spell: Foxfire
 11532 | D:11     | Noticed a two-headed ogre
 11540 | D:11     | Killed a two-headed ogre
 11733 | D:10     | Found a snail-covered altar of Cheibriados.
 11733 | D:10     | Found an opulent altar of Gozag.
 11916 | D:11     | Noticed a boulder beetle
 11926 | D:11     | Reached skill level 1 in Fire Magic
 11947 | D:11     | Noticed a deep elf pyromancer
 11956 | D:11     | Killed a boulder beetle
 11957 | D:11     | Reached XP level 12. HP: 44/76 MP: 15/23
 12372 | Orc:1    | Entered Level 1 of the Orcish Mines
 12380 | Orc:1    | Reached skill level 5 in Fighting
 12399 | Orc:1    | Noticed an orc warlord
 12426 | Orc:1    | Killed an orc warlord
 12427 | Orc:1    | Reached skill level 1 in Shields
 13129 | Orc:1    | Reached skill level 5 in Dodging
 13178 | Orc:1    | Noticed an orc high priest
 13187 | Orc:1    | Killed an orc high priest
 13781 | Lair:1   | Entered Level 1 of the Lair of Beasts
 13781 | Lair:1   | Noticed Amaemon
 13794 | Lair:1   | Killed Amaemon
 13918 | Lair:1   | Gained mutation: Your flesh is cold resistant. (rC+)
                  | [potion of mutation]
 13919 | Lair:1   | Lost mutation: Your flesh is cold resistant. (rC+) [potion
                  | of mutation]
 13919 | Lair:1   | Gained mutation: Your muscles are strong. (Str +4, Int/Dex
                  | -1) [potion of mutation]
 13919 | Lair:1   | Gained mutation: Your body sometimes deteriorates upon
                  | taking damage. [potion of mutation]
 13999 | Lair:1   | Reached skill level 1 in Evocations
 14152 | Lair:1   | Noticed a death yak
 14152 | Lair:1   | Noticed a death yak
 14153 | Lair:1   | Noticed a death yak
 14154 | Lair:1   | Noticed a death yak
 14195 | Lair:1   | Killed a death yak
 14196 | Lair:1   | Reached skill level 5 in Conjurations
 14196 | Lair:1   | Killed a death yak
 14208 | Lair:1   | Killed a death yak
 14211 | Lair:1   | Killed a death yak
 14212 | Lair:1   | Reached skill level 8 in Spellcasting
 14333 | Lair:1   | Reached XP level 13. HP: 61/83 MP: 17/25
 14634 | Lair:1   | Learned a level 2 spell: Poisonous Vapours
 14640 | Lair:1   | Learned a level 5 spell: Irradiate
 14684 | Lair:1   | Reached skill level 5 in Summonings
 15279 | Lair:2   | Found a hole to the Spider Nest.
 15368 | Lair:2   | Noticed DocEon's ghost (journeyman DrSh)
 15418 | Lair:2   | Reached skill level 5 in Ice Magic
 16092 | Lair:2   | Found a transporter.
 16152 | Lair:2   | Found a staircase to the Shoals.
 16238 | Lair:2   | Found a transporter.
 17219 | Lair:3   | Reached ****** piety under Hepliaklqana
 17829 | Lair:4   | Reached skill level 5 in Stealth
 17834 | Lair:4   | Reached skill level 1 in Transmutations
 18011 | Lair:4   | Found a runed translucent gate.
 18011 | Lair:4   | Found a runed translucent gate.
 18011 | Lair:4   | Found a runed translucent gate.
 18012 | Lair:4   | Noticed ooooo's ghost (journeyman OpCj)
 18031 | Lair:4   | Killed ooooo's ghost
 18032 | Lair:4   | Reached skill level 5 in Poison Magic
 18119 | Lair:4   | Identified the +2 leather armour "Cilinkinn" {Int+4}
 18370 | Lair:5   | Entered Level 5 of the Lair of Beasts
 18389 | Lair:4   | Reached skill level 5 in Shapeshifting
 18535 | Lair:5   | Found a viscous altar of Jiyva.
 18547 | Lair:5   | Found a staircase to the Slime Pits.
 18634 | Lair:5   | Reached XP level 14. HP: 90/90 MP: 21/26
 18884 | Lair:5   | Reached skill level 5 in Air Magic
 19380 | Lair:5   | Learned a level 4 spell: Flame Wave
 19739 | Lair:5   | Found a runed translucent door.
 21366 | Lair:2   | Upgraded the game from 0.31-a0-744-gbc345e7fcb to
                  | 0.31-a0-771-g505c3d19dc
 21700 | Orc:2    | Entered Level 2 of the Orcish Mines
 21877 | Orc:2    | Reached skill level 9 in Spellcasting
 21952 | Orc:2    | Found a staircase to the Elven Halls.
 22014 | Orc:2    | Reached skill level 5 in Shields
 22020 | Orc:2    | Learned a level 1 spell: Slow
 22142 | Orc:2    | Reached XP level 15. HP: 82/97 MP: 2/28
 22410 | Orc:2    | Found Pati Kenasm's Jewellery Boutique.
 22410 | Orc:2    | Found Taxiss's Armour Emporium.
 22410 | Orc:2    | Found Muxycaox's Distillery.
 22410 | Orc:2    | Found Igigam's Antique Weapon Boutique.
 22423 | Orc:2    | Bought a +1 helmet for 149 gold pieces
 22443 | Orc:2    | Bought a potion of enlightenment for 65 gold pieces
 22443 | Orc:2    | Bought a potion of enlightenment for 65 gold pieces
 22443 | Orc:2    | Bought a potion of curing for 39 gold pieces
 22443 | Orc:2    | Bought a potion of curing for 39 gold pieces
 22443 | Orc:2    | Bought a potion of curing for 39 gold pieces
 22443 | Orc:2    | Bought a potion of berserk rage for 65 gold pieces
 22443 | Orc:2    | Bought a potion of brilliance for 52 gold pieces
 22443 | Orc:2    | Bought a potion of brilliance for 52 gold pieces
 22443 | Orc:2    | Bought a potion of curing for 39 gold pieces
 22894 | D:12     | Noticed Sonja
 22901 | D:12     | Killed Sonja
 23319 | D:12     | Reached skill level 1 in Hexes
 23838 | Lair:2   | Killed DocEon's ghost
 24108 | Shoals:1 | Entered Level 1 of the Shoals
 24593 | Shoals:1 | Noticed Roxanne
 24596 | Shoals:1 | Noticed Louise
 24609 | Shoals:1 | Killed Louise
 24610 | Shoals:1 | Reached skill level 5 in Evocations
 24877 | Shoals:1 | Found Taykk's Assorted Antiques.
 25979 | Shoals:2 | Learned a level 2 spell: Scorch
 26039 | Shoals:2 | Identified the +9 dagger of Destiny {freeze, Stlth+}
 26104 | Shoals:2 | Gained mutation: A meltable icy envelope protects you from
                  | harm. (AC +0) [demonic ancestry]
 26104 | Shoals:2 | Reached XP level 16. HP: 106/106 MP: 29/29
 26813 | Shoals:3 | Reached skill level 5 in Transmutations
 26890 | Shoals:3 | Noticed Nikola
 26917 | Shoals:3 | Killed Nikola
 27443 | Shoals:3 | Noticed Donald
 27559 | Shoals:3 | Killed Donald
 27821 | Shoals:3 | Noticed Bai Suzhen
 27844 | Shoals:3 | Killed Bai Suzhen
 28450 | Shoals:4 | Entered Level 4 of the Shoals
 28788 | Spider:1 | Entered Level 1 of the Spider Nest
 28979 | Lair:2   | Reached skill level 5 in Fire Magic
 29098 | Spider:1 | Reached skill level 10 in Spellcasting
 29708 | Spider:1 | Learned a level 4 spell: Olgreb's Toxic Radiance
 30825 | Spider:1 | Reached XP level 17. HP: 84/113 MP: 27/31
 31521 | Spider:2 | Reached skill level 11 in Spellcasting
 32571 | Shoals:4 | Hit by a silver javelin thrown by a merfolk javelineer

Illustrated notes

Levels and vault maps discovered:
D:1:      psy_arrival_dodecagon, layout_basic,
          shapermc_ecumenical_altar_hornbeckon, nrook_campfire
D:2:      layout_rooms, uniq_jessica
D:3:      layout_loops_corners, marbit_many_paths, serial_shops,
          nicolae_diamond_shop, grunt_ministairs_14,
          minmay_misc_feat_secret_circle
D:4:      nicolae_cairo_tiling, layout_basic, nicolae_qazlal_style_of_elements,
          jmf_multi_god_temple, lemuel_tele_altar, chequers_jeans, uniq_sigmund
D:5:      layout_loops_cross, minmay_temple_entry_glassed_door,
          nicolae_houndstooth_variations
D:6:      layout_basic, uniq_jeremiah, uniq_maggie
D:7:      layout_cave_pods, uniq_pikel
D:8:      lemuel_ice_statue, layout_basic, dpeg_lair_monsters,
          serial_park_tiny_1, minivault_27
D:9:      layout_irregular_city
D:10:     layout_long_grid, nicolae_overflow_hidden_temple,
          kennysheep_orc_monster_closet_entryway, serial_bayou,
          serial_bayou_crossing, serial_bayou_lagoon_a, serial_bayou_pond_a,
          serial_bayou_pond_d, uniq_joseph, uniq_urug
D:11:     layout_gridville, grunt_decor_one_mirror
D:12:     layout_basic, serial_demonic, serial_demonic_d, serial_demonic_c,
          serial_demonic_a, serial_demonic_a, bh_hangedman_babel_library,
          uniq_sonja, uniq_azrael
D:13:     minmay_spotlight, layout_basic, hellmonk_vaults_order_and_chaos,
          special_room [special_room_orc]
Temple:   hellmonk_temple_divided_pantheon
Lair:1:   layout_cave_pods, uniq_amaemon
Lair:2:   layout_cave_pods, shoals_dummy_entry,
          nicolae_spider_entry_tight_spaces, nzn_ghost_randoct, special_room
          [special_room_bee]
Lair:3:   layout_small_grid
Lair:4:   layout_big_grid, ebering_ghost_rock_garden
Lair:5:   hangedman_lair_caniforms_friends, layout_cave_pods, wormcave,
          slime_entry_1, lemuel_fruit_tree
Shoals:1: layout_shoals, serial_shops, shop, uniq_louise, uniq_roxanne
Shoals:2: layout_shoals
Shoals:3: layout_shoals, nicolae_shoals_gull_way, uniq_nikola, uniq_donald,
          uniq_bai_suzhen
Shoals:4: shoals_end_grunt_ice, layout_shoals
Spider:1: nicolae_spider_corner, guppyfry_spider_mini_2,
          hangedman_spider_tarantella_strand
Spider:2: layout_spider_delve, nicolae_spider_eight_legs
Orc:1:    layout_diamond_mine, nicolae_orc_rich_vein
Orc:2:    st_orc_ogre_mass, layout_caves

Skill      XL: |  1  2  3  4  5  6  7  8  9 10 11 12 13 14 15 16 17 |
---------------+----------------------------------------------------+-----
Stealth        | 2 3 4 5 |  5.7
Invocations    | 1 2 5 6 7 |  7.5
Poison Magic   | 1 2 3 4 5 6 |  6.1
Spellcasting   | 4 5 6 7 8 9 10 11 | 11.0
Armour         | 1 2 3 4 5 6 7 8 9 |  9.1
Fighting       | 1 2 3 4 5 6 7 8 9 |  9.4
Staves         | 1 2 3 4 5 6 7 |  7.8
Throwing       | 1 2 3 4 |  4.6
Dodging        | 2 3 4 5 6 7 8 |  8.8
Air Magic      | 1 2 3 4 5 |  5.7
Conjurations   | 2 3 4 5 6 |  6.6
Summonings     | 2 3 4 5 6 |  6.6
Ice Magic      | 2 3 4 5 |  5.6
Translocations | 2 3 |  3.8
Shapeshifting  | 2 3 5 6 |  6.3
Polearms       | 1 2 3 |  3.5
Fire Magic     | 1 3 4 5 |  5.9
Shields        | 3 4 5 6 7 |  7.5
Evocations     | 1 4 5 |  5.3
Transmutations | 1 3 4 5 |  5.2
Hexes          | 3 4 |  4.7
Short Blades   | |  0.1
Axes           | |  0.1
Maces & Flails | |  0.1

Action                     |  1- 3 |  4- 6 |  7- 9 | 10-12 | 13-15 | 16-18 || total
---------------------------+-------+-------+-------+-------+-------+-------++-------
  Melee: Dagger            |    39 |       |       |       |       |       ||    39
         Mace              |    14 |       |       |       |       |       ||    14
         Quarterstaff      |     2 |    16 |    55 |   196 |   418 |    78 ||   765
         Kick              |     1 |       |    16 |    79 |   188 |    80 ||   364
         Trident           |       |       |       |    18 |   149 |   147 ||   314
         Halberd           |       |       |       |     4 |    18 |       ||    22
         Broad axe         |       |       |       |     1 |       |       ||     1
  Throw: Dart              |     6 |    14 |    29 |    24 |    31 |     4 ||   108
         Boomerang         |       |       |     2 |    24 |    13 |       ||    39
         Javelin           |       |       |       |    13 |    29 |     9 ||    51
         Throwing net      |       |       |       |     1 |       |     3 ||     4
   Cast: Magic Dart        |    30 |    26 |    31 |    38 |    26 |     6 ||   157
         Call Imp          |     1 |     3 |    15 |    60 |   123 |    86 ||   288
         Mephitic Cloud    |     1 |     6 |    31 |    81 |   200 |    91 ||   410
         Ozocubu's Armour  |       |     1 |     1 |     3 |     9 |       ||    14
         Foxfire           |       |       |       |    11 |    26 |    60 ||    97
         Poisonous Vapours |       |       |       |       |    12 |    11 ||    23
         Freezing Cloud    |       |       |       |       |    13 |     2 ||    15
         Slow              |       |       |       |       |     4 |     2 ||     6
         Blink             |       |       |       |       |     1 |    15 ||    16
         Scorch            |       |       |       |       |       |   103 ||   103
         Olgreb's Toxic Ra |       |       |       |       |       |     8 ||     8
         Flame Wave        |       |       |       |       |       |     7 ||     7
         Irradiate         |       |       |       |       |       |     1 ||     1
 Invoke: Ancestor Life: Ba |       |     1 |       |       |       |       ||     1
         Transference      |       |       |     1 |     3 |     2 |       ||     6
         Idealise          |       |       |     1 |     2 |     6 |     3 ||    12
         Recall Ancestor   |       |       |       |     3 |     5 |     6 ||    14
  Evoke: Wand              |       |       |       |     7 |    14 |    15 ||    36
    Use: Scroll            |     6 |     1 |     6 |    13 |    16 |     9 ||    51
         Potion            |       |       |       |    10 |     7 |     6 ||    23
   Stab: Sleeping          |     4 |     2 |     1 |     1 |     3 |     1 ||    12
         Confused          |       |       |     3 |    10 |    40 |    14 ||    67
         Distracted        |       |       |       |     3 |    11 |     9 ||    23
 Armour: Robe              |    32 |     3 |     9 |       |       |       ||    44
         Ring mail         |       |     1 |    23 |   157 |   333 |   390 ||   904
         Leather armour    |       |       |       |    14 |       |       ||    14
         Chain mail        |       |       |       |    24 |     3 |       ||    27
         Storm dragon scal |       |       |       |       |       |     1 ||     1
  Dodge: Dodged            |    49 |     6 |    22 |   114 |   432 |   400 ||  1023
  Block: Other             |       |       |     2 |    37 |    63 |    28 ||   130
         Buckler           |       |       |       |       |    88 |    44 ||   132
         Kite shield       |       |       |       |       |       |   175 ||   175
         Reflection        |       |       |       |       |       |     5 ||     5
         Form:             |       |       |       |       |     1 |     1 ||     2
         Anaconda          |       |       |       |       |     1 |       ||     1
         Maw               |       |       |       |       |     1 |       ||     1
         Dragon            |       |       |       |       |       |     1 ||     1

Table legend: (Time is in decaauts)
 A = Elapsed time spent in this place.
 B = Non-inter-level travel time spent in this place.
 C = Inter-level travel time spent in this place.
 D = Time resting spent in this place.
 E = Time spent auto-exploring this place.
 F = Levels seen in this place.
 G = Mean time per level.
                   A        B        C        D        E       F      G
               +--------+--------+--------+--------+--------+-----+--------+
         Total |  32634 |  29840 |   2794 |   3816 |  19596 |  27 | 1208.7 |
       Dungeon |  13847 |  12554 |   1293 |    436 |   9945 |  13 | 1065.2 |
        Temple |      1 |      1 |      0 |      0 |      0 |   1 |    1.0 |
          Lair |   9527 |   8560 |    967 |   1266 |   5467 |   5 | 1905.4 |
        Shoals |   4471 |   4183 |    288 |   1018 |   2017 |   4 | 1117.8 |
   Spider Nest |   2641 |   2517 |    124 |   1096 |    638 |   2 | 1320.5 |
  Orcish Mines |   2145 |   2023 |    122 |      0 |   1527 |   2 | 1072.5 |
               +--------+--------+--------+--------+--------+-----+--------+

Top non-repeatable levels by time:
  Lair:2: 3084 daAuts
  Lair:5: 2835 daAuts
Spider:1: 2534 daAuts
    D:10: 1897 daAuts
Shoals:3: 1817 daAuts
  Lair:1: 1767 daAuts
     D:6: 1628 daAuts
     D:8: 1562 daAuts
Shoals:2: 1518 daAuts
    D:11: 1376 daAuts
     D:7: 1238 daAuts
     D:3: 1172 daAuts
   Orc:1: 1149 daAuts
  Lair:3: 1138 daAuts
     D:5: 1105 daAuts
